Map: Prion Terraces

Players

Zurgery - Winner!

  • Race: Zerg Zerg

A.I. 1 (Very Easy)

  • Race: Protoss Protoss

VOD

Have the link to the VOD?

Description

zvt zvp variant

Time

  • Played on: Nov. 14, 2015, 9:08 a.m.
  • Length: 8:06
Show
View Real Time Build Order
Export as new Build Order

Zurgery Zerg - Winner!

Build Orders: Hatch First, Zergling Baneling 

Get SALT Encoding   

  12  0:01  Drone  
  13  0:13  Overlord  
  13  0:19  Drone  
  14  0:32  Drone x2  
  16  0:50  Hatchery  
  16  0:52  Drone  
  16  0:56  Drone  
  17  0:59  Extractor  
  17  1:02  Drone  
  17  1:17  Spawning Pool  
  16  1:20  Drone  
  16  1:23  Drone  
  18  1:29  Drone  
  19  1:39  Overlord  
  19  2:04  Queen x2  
  19  2:05  Metabolic Boost  
  19  2:07  Zergling x2  
  19  2:08  Zergling x2  
  25  2:11  Drone  
  25  2:14  Drone  
  27  2:17  Drone  
  28  2:23  Drone x2  
  30  2:33  Drone  
  31  2:37  Overlord  
  31  2:44  Drone x2  
  33  2:52  Spine Crawler  
  33  2:55  Drone  
  33  2:56  Drone  
  34  3:01  Extractor x2  
  32  3:06  Drone x2  
  32  3:10  Baneling Nest  
  33  3:14  Drone  
  33  3:15  Evolution Chamber, Drone x5  
  39  3:20  Drone x2  
  40  3:31  Overlord  
  40  3:32  Drone  
  41  3:36  Pneumatized Carapace  
  41  3:48  Drone x2  
  43  3:49  Overlord, Zergling x2  
  43  3:53  Baneling x4  
  44  3:57  Zergling x2  
  44  3:58  Drone x2  
  47  4:04  Drone, Zergling x2  
  49  4:14  Drone, Zergling x2  
  51  4:18  Zergling x2  
  51  4:19  Baneling x4  
  51  4:21  Overlord  
  51  4:22  Zergling x6  
  55  4:24  Zergling x2  
  56  4:33  Drone  
  56  4:35  Baneling x4  
  57  4:47  Lair  
  57  4:49  Drone  
  57  4:50  Hatchery  
  57  4:59  Extractor  
  56  5:03  Drone x2  
  56  5:04  Zerg Missile Weapons Level 1  
  56  5:05  Roach Warren  
  56  5:06  Baneling  
  57  5:07  Baneling x5  
  57  5:11  Zergling x4  
  59  5:16  Overlord  
  59  5:17  Drone  
  60  5:29  Baneling x2  
  60  5:34  Overlord  
  60  5:35  Drone x3  
  62  5:36  Drone x4  
  65  5:46  Overlord  
  65  5:47  Drone x3  
  65  5:49  Glial Reconstitution  
  68  5:53  Roach  
  68  6:02  Overlord, Queen  
  68  6:04  Roach  
  72  6:07  Overlord  
  72  6:09  Roach x2  
  76  6:12  Roach  
  76  6:15  Baneling x2  
  76  6:16  Baneling x2  
  78  6:20  Roach x2  
  80  6:29  Overlord  
  80  6:30  Roach x5  
  90  6:33  Roach  
  90  6:38  Roach x3  
  98  6:47  Overlord x4  
  98  6:52  Roach x2  
  100  6:57  Overlord  
  100  6:58  Roach x2  
  104  7:04  Roach  
  104  7:05  Roach x2  
  110  7:13  Overlord  
  110  7:14  Roach x3  
  114  7:17  Overlord, Roach  
  114  7:18  Roach  
  114  7:21  Roach x2  
  122  7:24  Ravager x3  
  122  7:26  Overlord  
  122  7:27  Roach  
  129  7:30  Roach x2  
  131  7:39  Overlord, Roach  
  131  7:40  Roach x3  
  131  7:43  Roach x2  
  142  7:46  Roach  
Show
View Real Time Build Order
Export as new Build Order

A.I. 1 (Very Easy) Protoss 

Build Orders:  

Get SALT Encoding   

  12  0:01  Probe (Chrono Boost)  
  13  0:11  Probe (Chrono Boost)  
  14  0:21  Pylon  
  14  0:37  Assimilator  
  14  0:42  Gateway  
  14  0:45  Pylon  
  14  1:13  Assimilator  
  14  1:27  Probe (Chrono Boost), Zealot  
  17  1:34  Cybernetics Core  
  17  1:38  Probe (Chrono Boost)  
  18  1:49  Probe (Chrono Boost)  
  19  1:59  Probe (Chrono Boost), Warp Gate  
  20  2:11  Probe (Chrono Boost)  
  21  2:22  Probe (Chrono Boost)  
  22  2:35  Stalker  
  24  5:41  Probe (Chrono Boost)  
  17  5:53  Probe (Chrono Boost), Zealot  
  14  6:04  Probe (Chrono Boost)  
  14  6:15  Probe (Chrono Boost)  
  15  6:25  Probe (Chrono Boost)  
  9  6:36  Probe (Chrono Boost)  
  10  6:46  Probe (Chrono Boost)  
  8  6:57  Probe (Chrono Boost)  
  9  7:03  Adept  
  9  7:05  Pylon  
  12  7:09  Probe (Chrono Boost)  
  12  7:10  Robotics Facility  
  12  7:11  Nexus  
  8  7:21  Probe (Chrono Boost)  
  9  7:31  Probe (Chrono Boost)  
  10  7:42  Probe (Chrono Boost)  
  11  7:52  Stalker  
  11  7:53  Probe (Chrono Boost)  
Tags
 
Add a new tag
Caveats
  • Supply blocks, unpowered buildings, or Contaminate may cause inaccurate times.
  • Supply counts are checked every 10 seconds.